 Dungeon Crawl Stone Soup version 0.29-b1-12-g9e2288ab2a (webtiles) character file.

Game seed: 9245270760713720108

75 firemarshallily the Ruffian (level 4, -2/38 HPs)
             Began as a Ghoul Gladiator on Aug 23, 2022.
             Killed from afar by an orc wizard (7 damage)
             ... with a puff of flame
             ... on level 3 of the Dungeon.
             The game lasted 00:06:36 (1815 turns).

firemarshallily the Ruffian (Ghoul Gladiator)       Turns: 1815, Time: 00:06:36

Health: -2/38      AC:  5    Str: 17    XL:     4   Next: 31%
Magic:  3/3        EV: 20    Int:  3    God:
Gold:   117        SH:  0    Dex: 12    Spells: 3/3 levels left

rFire   . . .      SeeInvis .     - Unarmed
rCold   + . .      Faith    .   (no shield)
rNeg    + + +      Spirit   .   a - +0 leather armour
rPois   ∞          Reflect  .   b - +0 helmet
rElec   .          Harm     .   (no cloak)
rCorr   .          Rampage  .   (no gloves)
Will    .....                   u - +0 pair of boots
Stlth   +.........              (no amulet)
HPRegen 0.00/turn               i - +4 ring of evasion
MPRegen 0.08/turn               q - +4 ring of evasion

@: inhibited regen
A: claws 1, cold resistance 1, negative energy resistance 3, inhibited
regeneration, torment resistance 2, devour on kill
a: no special abilities


You were on level 3 of the Dungeon.
You visited 1 branch of the dungeon, and saw 3 of its levels.

You collected 117 gold pieces.

Inventory:

Missiles
 c - 3 throwing nets (quivered)
 d - a javelin
 f - 4 boomerangs
 h - 16 stones
Armour
 a - a +0 leather armour (worn)
 b - a +0 helmet (worn)
 p - a +0 ring mail
 u - a +0 pair of boots (worn)
Jewellery
 i - a +4 ring of evasion (left claw)
 q - a +4 ring of evasion (right claw)
Scrolls
 e - a scroll of identify {unknown}
 g - a scroll of butterflies {unknown}
 k - a scroll of torment {unknown}
 l - 3 scrolls of amnesia {unknown}
 o - a scroll of vulnerability {unknown}
 v - a scroll of immolation {unknown}
Potions
 j - a potion of mutation {unknown}
 m - 2 potions of resistance {unknown}
 n - 2 potions of lignification {unknown}
 r - 2 potions of curing {unknown}
 s - a potion of heal wounds {unknown}
 t - 2 potions of cancellation {unknown}


   Skills:
 + Level 3.3 Fighting
 - Level 1.7 Throwing
 + Level 3.5 Dodging
 + Level 4.1 Unarmed Combat


You had 3 spell levels left.
You didn't know any spells.
Your spell library contained the following spells:

 Spells                   Type           Power      Damage    Failure   Level
 Slow                     Hex            0%         N/A       58%         1
 Ensorcelled Hibernation  Hex/Ice        0%         N/A       75%         2
 Confusing Touch          Hex            0%         N/A       92%         3
 Vampiric Draining        Necr           0%         2d6       92%         3
 Anguish                  Hex/Necr       0%         N/A       100%        4
 Spider Form              Tmut/Pois      Unusable   N/A       N/A         3

Dungeon Overview and Level Annotations

Branches:
Dungeon (3/15)

Altars:
Ru

Shops:
D:1 :   D:3 [


Innate Abilities, Weirdness & Mutations

You are immune to poison.
You have sharp fingernails.
Your flesh is cold resistant. (rC+)
You are immune to negative energy. (rN+++)
You do not regenerate when monsters are visible.
You are immune to unholy pain and torment.
You thrive by killing the living.


Message History

The orc wizard mumbles some strange words.
The orc wizard flickers and vanishes!
You're too confused to move!
Something hits you but does no damage.
You bump into the rock wall.
Something barely misses you.
You bump into the rock wall.
Something hits you but does no damage.
You miss something. Something hits you but does no damage.
You bump into the rock wall.
Something hits you.
You claw something! Something hits you.
You feel less confused. Something hits you but does no damage.
You closely miss something. Something hits you but does no damage.
You closely miss something. Something hits you.
You miss something. Something hits you.
You closely miss something. You closely miss something.
You hear some strange, mumbled words.
You are confused.
Something hits you but does no damage.
A magic dart appears from out of thin air!
The magic dart hits you!
* * * LOW HITPOINT WARNING * * *
You bump into the rock wall.
You hear some strange, mumbled words.
Something tries to affect you, but you resist.
Something hits you.
* * * LOW HITPOINT WARNING * * *
You're too confused to move!
Something hits you but does no damage.
You bump into the rock wall.
You feel less confused. Something barely misses you.
You miss something.
You hear some strange, mumbled words.
A puff of flame appears from out of thin air!
The puff of flame hits you.
* * * LOW HITPOINT WARNING * * *
You barely miss something.
You hear some strange, mumbled words.
A puff of flame appears from out of thin air!
The puff of flame hits you!
You die...

#........#####'###
....[##....
#.###.#..# #.#
.......####..
#....#.#.## #.#
.......# ##.
#.#.#...#.## #.#
.......# ##
#..#.....#.# #.#
.......#
#..#.~~~.#.###.#
##.#~...~#..##)#
#.#~._.~#....{#
#.#~...~#.###@#####
#.#.~~~.#.# #.....#
#.#.....#.# #######
##.#...#.#########
##.#.#.......o{.#
##.#.########....o
##.## #.. ###


There were no monsters in sight!

Vanquished Creatures
  An orc wizard (D:3)
  3 adders
  A dart slug (D:3)
  2 orcs
  3 endoplasms (D:1)
  A giant cockroach (D:3)
  2 goblins
  A hobgoblin (D:1)
  2 quokkas (D:2)
  A ball python (D:1)
  3 bats
  A frilled lizard (D:1)
  A kobold (D:2)
22 creatures vanquished.

Notes
Turn   | Place    | Note
-------+----------+-------------------------------------------
     0 | D:1      | firemarshallily the Ghoul Gladiator began the quest for the
                  | Orb.
     0 | D:1      | Reached XP level 1. HP: 17/17 MP: 0/0
   242 | D:1      | Reached XP level 2. HP: 25/25 MP: 1/1
   335 | D:1      | Found Tuhuruoq's Book Shop.
  1030 | D:2      | Found a faded altar of an unknown god.
  1059 | D:2      | Reached XP level 3. HP: 29/30 MP: 2/2
  1378 | D:3      | Found Jenliten's Antique Armour Shoppe.
  1659 | D:3      | Found a sacrificial altar of Ru.
  1787 | D:3      | Reached skill level 4 in Unarmed Combat
  1787 | D:3      | Reached XP level 4. HP: 30/38 MP: 3/3
  1815 | D:3      | Killed from afar by an orc wizard

Illustrated notes

Levels and vault maps discovered:
D:1:      kennysheep_arrival_seaside, layout_rooms, serial_shops, shop,
          serial_co_window_serial, co_window_corner_a, co_window_paths_b,
          co_window_corner_a, co_window_corner_a, co_window_paths_a,
          co_window_unsneaky_path_e, co_window_corner_b,
          co_window_unsneaky_path_c, co_window_broadway_a, glass_columns_a,
          glass_columns_c, glass_columns_a, minivault_5
D:2:      layout_rooms, dreamdust_ecumenical_altar_grove
D:3:      layout_basic, nicolae_ru_awakened_eye,
          gammafunk_temple_overflow_forgotten, serial_shops, shop,
          patterned_corridor

Skill      XL: |  1  2  3 |
---------------+----------+-----
Dodging        | 3 |  3.5
Fighting       | 3 |  3.3
Unarmed Combat | 4 |  4.1
Throwing       | |  1.7

Action                   |  1- 3 |  4- 6 || total
-------------------------+-------+-------++-------
Melee: Unarmed           |    93 |    14 ||   107
Armor: Leather armour    |     9 |     8 ||    17
Dodge: Dodged            |    67 |     7 ||    74
